 Dungeon Crawl Stone Soup version 0.31-a0-702-gf82c85558f (webtiles) character file.

Game seed: 17633352831724226139

1159 freelancePsychic the Covert (level 8, -4/48 HPs)
             Began as a Deep Elf Brigand on Sept 8, 2023.
             Was a Priest of Nemelex Xobeh.
             Engulfed by a steam dragon's steam (7 damage)
             ... on level 6 of the Dungeon.
             The game lasted 00:08:17 (4819 turns).

freelancePsychic the Covert (Deep Elf Brigand)      Turns: 4819, Time: 00:08:18

Health: -4/48      AC: 10    Str:  8    XL:     8   Next: 16%
Magic:  13/13      EV: 17    Int: 19    God:    Nemelex Xobeh [***...]
Gold:   301        SH:  0    Dex: 16    Spells: 7/7 levels left

rFire   . . .        i - +2 dagger (distort)
rCold   . . .        (no shield)
rNeg    . . .        b - +0 robe
rPois   .            (no helmet)
rElec   .            c - +0 cloak
rCorr   .            (no gloves)
SInv    .            s - +2 pair of boots
Will    .....        A - amulet of magic regeneration
Stlth   ++++         r - +5 ring of evasion
HPRegen 0.28/turn    y - +4 ring of protection
MPRegen 0.53/turn

%: no passive effects
@: studying Stealth
A: no striking features
a: Renounce Religion, Draw Escape, Draw Destruction, Draw Summoning, Triple Draw


You were on level 6 of the Dungeon.
You worshipped Nemelex Xobeh.
Nemelex Xobeh was most pleased with you.
You visited 1 branch of the dungeon, and saw 6 of its levels.

You collected 301 gold pieces.

Inventory:

Hand Weapons
 a - a +2 dagger
 i - a +2 dagger of distortion (weapon)
Missiles
 d - 19 poisoned darts
 e - 2 curare-tipped darts (quivered)
 j - a throwing net
Armour
 b - a +0 robe (worn)
 c - a +0 cloak (worn)
 s - a +2 pair of boots (worn)
Jewellery
 r - a +5 ring of evasion (left hand)
 y - a +4 ring of protection (right hand)
 A - an amulet of magic regeneration (around neck)
 G - the ring of Citajamm {rN+ Str+3}
   (You found it on level 5 of the Dungeon)

   [ring of positive energy]

   Str+3:     It affects your strength (+3).
   rN+:       It protects you from negative energy.
Wands
 m - a wand of polymorph (12)
 D - a wand of iceblast (6)
Scrolls
 f - a scroll of immolation {unknown}
 n - 3 scrolls of fear
 o - 2 scrolls of fog
 p - a scroll of revelation
 q - 2 scrolls of vulnerability {unknown}
 v - 3 scrolls of teleportation {unknown}
 w - a scroll of enchant weapon {unknown}
 x - a scroll of poison {unknown}
 C - a scroll of identify {@r1}
 E - a scroll of amnesia {unknown}
 F - 2 scrolls of blinking {unknown}
Potions
 g - a potion of attraction {unknown}
 h - a potion of magic {unknown}
 k - 2 potions of might {unknown}
 u - a potion of mutation {unknown}
 z - 3 potions of degeneration {unknown}
 B - a potion of enlightenment {unknown}


   Skills:
 + Level 4.6 Fighting
 + Level 5.4 Short Blades
 - Level 2.0 Throwing
 - Level 1.2 Dodging
 - Level 8.4 Stealth
 + Level 5.1 Invocations


You had 7 spell levels left.
You didn't know any spells.
Your spell library contained the following spells:

 Spells                   Type           Power      Damage    Failure   Level
 Tukima's Dance           Hex            0%         N/A       52%         3
 Dimensional Bullseye     Hex/Tloc       0%         N/A       90%         4
 Iskenderun's Mystic Bla  Conj/Tloc      0%         2d3       90%         4


Dungeon Overview and Level Annotations

Branches:
Dungeon (6/15)
 Temple: D:4-7

Altars:
Hepliaklqana
Nemelex Xobeh
Xom

Annotations:
D:2 Natasha


Message History

You are engulfed in a cloud of scalding steam.
You feel sick. The steam dragon completely misses you.
The steam dragon claws you but does no damage.
You draw a card...
You have drawn the Orb.
Press: ? - help, Shift-Dir - straight line, f - steam dragon
Aim: a steam dragon (steam, moderately wounded)
Your orb of destruction hits a rock wall. x7
You feel sick. The steam dragon bites you!
* * * LOW HITPOINT WARNING * * *
The steam dragon barely misses you.
You draw a card...
You have drawn Wild Magic.
Multicoloured lights dance around the steam dragon.
The steam dragon seems to slow down.
Flying shrapnel explodes from thin air.
Reactivating autopickup.
You feel a bit more experienced.
Magic surges out from the sky beast.
The sky beast seems to slow down.
You feel a surge of magic.
You feel sick. The steam dragon barely misses you.
The steam dragon closely misses you.
You barely miss the steam dragon.
The steam dragon is moderately wounded.
You feel sick. The steam dragon breathes steam at you.
The ball of steam misses you.
You hit the steam dragon but do no damage.
Space warps horribly around the steam dragon!
The steam dragon is almost dead.
You are engulfed in a cloud of scalding steam.
* * * LOW HITPOINT WARNING * * *
You feel sick.
The sky beast flickers out of sight!
Deactivating autopickup; reactivate with Ctrl-A.
You feel better.
You are engulfed in a cloud of scalding steam.
* * * LOW HITPOINT WARNING * * *
The steam dragon is no longer moving slowly.
The steam dragon closely misses you. The steam dragon claws you.
* * * LOW HITPOINT WARNING * * *
You draw a card...
You have drawn Velocity.
Nothing appears to happen.
You are engulfed in a cloud of scalding steam.
You die...
Your body glows slightly and disappears.

###.#######
...)...<.)#
###.#######
#@#
#.#####D#
.......{#
#.#.###.#
#.. #.##
..# #.# #.#


You could see a steam dragon (catching breath).

Vanquished Creatures
  An ice beast (D:5)
  An orc warrior (D:6)
  A black bear (D:5)
  3 scorpions
  2 jellies (D:3)
  A hound (D:4)
  An orc priest (D:5)
  2 orc wizards
  3 sleepcaps
  3 iguanas
  Robin (D:4)
  6 adders
  A white imp (D:5)
  2 ufetubi
  3 worms
  6 dart slugs
  11 orcs
  5 ball pythons
  16 endoplasms
  3 giant cockroaches
  13 goblins
  7 hobgoblins
  6 jackals (D:1)
  2 quokkas (D:3)
  2 bats
  A frilled lizard (D:2)
  16 kobolds
  5 rats
124 creatures vanquished.

Vanquished Creatures (collateral kills)
  An orc wizard (D:3)
1 creature vanquished.

Grand Total: 125 creatures vanquished

Notes
Turn   | Place    | Note
-------+----------+-------------------------------------------
     0 | D:1      | freelancePsychic the Deep Elf Brigand began the quest for
                  | the Orb.
     0 | D:1      | Reached XP level 1. HP: 12/12 MP: 3/3
    82 | D:1      | Reached skill level 5 in Stealth
    91 | D:1      | Reached XP level 2. HP: 17/17 MP: 4/4
   549 | D:1      | Reached XP level 3. HP: 20/21 MP: 5/5
   624 | D:1      | Found a faded altar of an unknown god.
   644 | D:1      | Prayed at the altar of an unknown god.
   644 | D:1      | Became a worshipper of Nemelex Xobeh the Trickster
   644 | D:1      | Reached * piety under Nemelex Xobeh
  1172 | D:2      | Noticed Natasha
  1205 | D:2      | Received a gift from Nemelex Xobeh
  1725 | D:3      | Identified a scroll of acquirement
  1727 | D:3      | Acquired a manual of Stealth
  1846 | D:3      | Reached ** piety under Nemelex Xobeh
  2071 | D:3      | Reached XP level 4. HP: 26/27 MP: 6/6
  2110 | D:3      | Reached skill level 1 in Invocations
  2141 | D:3      | Reached skill level 6 in Stealth
  2165 | D:3      | Reached XP level 5. HP: 27/32 MP: 8/8
  2520 | D:4      | Noticed Robin
  2552 | D:4      | Killed Robin
  2663 | D:4      | Reached skill level 7 in Stealth
  2756 | D:4      | Reached XP level 6. HP: 27/37 MP: 9/9
  3322 | D:4      | Found a hazy altar of Hepliaklqana.
  3491 | D:4      | Reached *** piety under Nemelex Xobeh
  3522 | D:5      | Entered Level 5 of the Dungeon
  3586 | D:5      | Found a shimmering altar of Xom.
  3587 | D:5      | Found a shimmering altar of Xom.
  3588 | D:5      | Found a shimmering altar of Xom.
  3588 | D:5      | Found a shimmering altar of Xom.
  3589 | D:5      | Found a shimmering altar of Xom.
  3589 | D:5      | Noticed an ice beast
  3595 | D:5      | Killed an ice beast
  3596 | D:5      | Reached skill level 8 in Stealth
  3596 | D:5      | Reached XP level 7. HP: 25/41 MP: 11/11
  3833 | D:5      | Identified the +0 robe of the Lizard {Str+2}
  3866 | D:5      | Received a gift from Nemelex Xobeh
  4098 | D:5      | Received a gift from Nemelex Xobeh
  4138 | D:5      | Identified the ring of Citajamm {rN+ Str+3}
  4307 | D:5      | Reached skill level 5 in Short Blades
  4497 | D:5      | Reached XP level 8. HP: 39/48 MP: 13/13
  4505 | D:5      | Identified the +2 rapier "Qagefoup" {protect, Str+9}
  4794 | D:6      | Reached skill level 5 in Invocations
  4819 | D:6      | Engulfed by a steam dragon's steam

Illustrated notes

Levels and vault maps discovered:
D:1:      tarquinn_simple_flora_water_e, layout_basic,
          ebering_ecumenical_altar_box, serial_forest,
          infiniplex_forest_clump_small, infiniplex_forest_end_2,
          infiniplex_forest_straight_4, infiniplex_forest_clump_small,
          infiniplex_forest_pool
D:2:      layout_basic, uniq_natasha
D:3:      cheibrodos_fertilizer, layout_rooms
D:4:      layout_basic, kennysheep_mini, grunt_ministairs_12, minmay_between,
          uniq_robin
D:5:      layout_gridville, xom_redecorated, kennysheep_generic_room_5
D:6:      layout_loops_ring, nemelex_dance_club_becter, marbit_many_paths

Skill      XL: |  1  2  3  4  5  6  7  8 |
---------------+-------------------------+-----
Stealth        | 5 6 7 8 |  8.4
Fighting       | 2 3 4 |  4.6
Invocations    | 1 2 3 4 5 |  5.1
Short Blades   | 3 4 5 |  5.4
Throwing       | |  2.0
Dodging        | |  1.2

Action                     |  1- 3 |  4- 6 |  7- 9 || total
---------------------------+-------+-------+-------++-------
  Melee: Dagger            |   106 |   114 |    86 ||   306
         Punch             |       |       |     1 ||     1
  Throw: Dart              |    14 |     1 |     7 ||    22
 Invoke: Draw Destruction  |       |     4 |     2 ||     6
         Draw Summoning    |       |     1 |       ||     1
         Draw Escape       |       |     1 |     2 ||     3
    Use: Scroll            |     4 |       |     2 ||     6
         Potion            |       |     3 |     3 ||     6
   Stab: Sleeping          |    11 |     4 |     4 ||    19
         Distracted        |       |     1 |       ||     1
 Armour: Robe              |    35 |    43 |    42 ||   120
  Dodge: Dodged            |    66 |    76 |    45 ||   187

Table legend: (Time is in decaauts)
 A = Elapsed time spent in this place.
 B = Non-inter-level travel time spent in this place.
 C = Inter-level travel time spent in this place.
 D = Time resting spent in this place.
 E = Time spent auto-exploring this place.
 F = Levels seen in this place.
 G = Mean time per level.
                   A        B        C        D        E       F      G
               +--------+--------+--------+--------+--------+-----+--------+
         Total |   4763 |   4614 |    149 |     31 |   3739 |   6 |  793.8 |
       Dungeon |   4763 |   4614 |    149 |     31 |   3739 |   6 |  793.8 |
               +--------+--------+--------+--------+--------+-----+--------+

Top non-repeatable levels by time:
     D:5: 1243 daAuts
     D:4: 991 daAuts
     D:1: 989 daAuts
     D:3: 785 daAuts
     D:2: 723 daAuts
     D:6: 30 daAuts
